Map: Catalyseur EC

Players

llllllllllll - Winner!

  • Race: Protoss Protoss
  • League: Grandmaster
  • Spawn Location: 11:00

llllllllllll

  • Race: Zerg Zerg
  • League: Master
  • Spawn Location: 5:00

VOD

Have the link to the VOD?

Description

Time

  • Played on: Nov. 23, 2017, 9:19 a.m.
  • Length: 7:08
Show
View Real Time Build Order
Export as new Build Order

llllllllllll Protoss - Winner!

Build Orders: 1 Gate Expand, Forge Fast Expand (FFE), Zealot Archon 

Get SALT Encoding   

  12  0:00  Probe  
  13  0:12  Probe  
  14  0:20  Pylon  
  14  0:24  Probe  
  15  0:38  Probe (Chrono Boost)  
  16  0:44  Gateway  
  16  0:48  Probe (Chrono Boost)  
  17  0:52  Probe (Chrono Boost)  
  17  0:56  Forge  
  18  1:04  Probe (Chrono Boost)  
  18  1:05  Assimilator  
  20  1:14  Probe (Chrono Boost)  
  20  1:18  Probe  
  21  1:27  Pylon  
  21  1:30  Probe  
  22  1:44  Nexus  
  22  1:45  Probe  
  23  1:55  Cybernetics Core  
  23  2:02  Pylon  
  23  2:08  Assimilator  
  23  2:19  Photon Cannon  
  23  2:20  Probe  
  24  2:24  Protoss Ground Weapons Level 1  
  24  2:30  Pylon  
  24  2:34  Probe  
  25  2:40  Warp Gate  
  25  2:47  Probe (Chrono Boost)  
  26  2:54  Twilight Council  
  26  2:56  Probe (Chrono Boost)  
  28  2:59  Probe (Chrono Boost)  
  28  3:01  Zealot (Chrono Boost)  
  31  3:06  Probe (Chrono Boost)  
  31  3:07  Probe  
  32  3:14  Probe  
  32  3:19  Probe  
  34  3:26  Probe  
  37  3:28  Stalker (Chrono Boost)  
  37  3:31  Probe  
  38  3:35  Twilight Council  
  38  3:38  Probe  
  39  3:43  Probe  
  39  3:44  Robotics Facility  
  40  3:50  Probe  
  40  3:54  Pylon  
  41  3:56  Probe  
  41  4:08  Pylon  
  41  4:11  Charge (Chrono Boost)  
  41  4:15  Gateway, Zealot  
  43  4:17  Gateway  
  43  4:23  Probe x2  
  45  4:25  Gateway  
  45  4:32  Gateway  
  45  4:35  Gateway  
  45  4:39  Gateway  
  45  4:44  Gateway  
  45  4:50  Templar Archives  
  45  4:53  Zealot  
  45  4:59  Warp Prism (Chrono Boost)  
  49  5:04  Pylon  
  49  5:12  Zealot x2  
  53  5:14  Zealot  
  55  5:21  Zealot  
  55  5:28  Zealot  
  59  5:32  High Templar  
  59  5:35  High Templar  
  63  5:38  Zealot x3  
  63  5:40  Pylon  
  63  5:42  Archon  
  69  5:44  Pylon  
  69  5:46  Pylon  
  69  5:55  Pylon  
  69  6:01  Zealot x4  
  69  6:03  Zealot  
  75  6:18  Zealot  
  75  6:19  Zealot x2  
  73  6:26  Zealot x4  
  73  6:31  Zealot  
  79  6:40  Zealot x3  
  79  6:50  Zealot x3  
  73  6:59  Zealot x2  
Show
View Real Time Build Order
Export as new Build Order

llllllllllll Zerg 

Build Orders: Hatch First 

Get SALT Encoding   

  12  0:01  Drone  
  13  0:13  Overlord  
  13  0:17  Drone  
  14  0:31  Drone  
  14  0:32  Drone  
  16  0:38  Drone  
  17  0:52  Hatchery  
  17  0:55  Drone  
  17  0:58  Drone  
  18  1:08  Extractor  
  17  1:12  Spawning Pool  
  17  1:15  Drone  
  17  1:20  Drone  
  18  1:32  Drone  
  19  1:51  Drone  
  19  1:52  Drone  
  21  2:02  Zergling x2  
  21  2:03  Queen x2  
  26  2:09  Overlord  
  26  2:12  Drone  
  27  2:17  Drone  
  28  2:27  Drone  
  28  2:28  Drone  
  30  2:32  Metabolic Boost  
  30  2:34  Drone  
  31  2:39  Queen  
  31  2:42  Overlord  
  33  2:48  Drone x2  
  35  2:54  Drone  
  36  3:01  Overlord  
  36  3:05  Drone  
  36  3:08  Drone, Lair  
  38  3:13  Zergling x2  
  38  3:14  Zergling x2  
  38  3:15  Drone x2  
  38  3:16  Drone  
  38  3:19  Drone  
  44  3:21  Drone  
  44  3:26  Queen  
  47  3:28  Drone  
  47  3:32  Drone, Extractor x2  
  47  3:37  Zergling x2  
  48  3:41  Overlord  
  48  3:44  Drone  
  49  3:48  Drone  
  49  3:52  Overlord  
  49  3:53  Drone x2  
  49  3:54  Spine Crawler  
  49  3:55  Drone  
  52  4:01  Overlord  
  52  4:07  Hydralisk Den, Overseer  
  51  4:10  Drone x3  
  51  4:13  Overlord  
  54  4:21  Overlord  
  54  4:23  Drone  
  55  4:38  Hydralisk x6  
  67  4:49  Hatchery  
  67  4:51  Extractor  
  65  4:56  Muscular Augments  
  66  5:00  Drone x3  
  66  5:04  Overlord, Overseer  
  68  5:08  Zergling x4  
  68  5:10  Drone  
  71  5:15  Hydralisk  
  71  5:20  Hydralisk x2  
  77  5:27  Hydralisk  
  79  5:29  Hydralisk  
  79  5:32  Spine Crawler  
  79  5:34  Hydralisk  
  82  5:42  Overlord  
  82  5:43  Hydralisk x2  
  82  5:48  Drone x3  
  88  5:55  Hydralisk x2  
  92  6:05  Hydralisk x3  
  90  6:19  Hydralisk x3  
  90  6:23  Hydralisk  
  90  6:24  Zergling x2  
  90  6:25  Zergling x4  
  91  6:28  Zergling x2  
  92  6:33  Hydralisk x2  
  94  6:40  Hydralisk  
Tags
 
Add a new tag
Caveats
  • Supply blocks, unpowered buildings, or Contaminate may cause inaccurate times.
  • Supply counts are checked every 10 seconds.